 Dungeon Crawl Stone Soup version 0.30-a0-368-g86fb4627a9 (webtiles) character file.

Game seed: 2719861573097788685

80 kiwi3s the Chopper (level 4, -7/40 HPs)
             Began as a Minotaur Berserker on Nov 18, 2022.
             Was a Believer of Trog.
             Mangled by a gnoll
             ... wielding a +0 halberd
              (11 damage)
             ... on level 3 of the Dungeon.
             The game lasted 00:01:33 (1526 turns).

kiwi3s the Chopper (Minotaur Berserker)             Turns: 1526, Time: 00:01:34

Health: -7/40      AC:  2    Str: 21    XL:     4   Next: 18%
Magic:  3/3        EV: 12    Int:  4    God:    Trog [**....]
Gold:   70         SH:  0    Dex: 12    Spells: 3/3 levels left

rFire   . . .      SeeInvis .    a - +0 hand axe
rCold   . . .      Faith    .    (no shield)
rNeg    . . .      Spirit   .    b - +0 animal skin
rPois   .          Reflect  .    (helmet restricted)
rElec   .          Harm     .    (no cloak)
rCorr   .          Rampage  .    (no gloves)
Will    .....                    (no boots)
Stlth   +.........               (no amulet)
HPRegen 0.26/turn                (no ring)
MPRegen 0.08/turn                (no ring)

@: no status effects
A: horns 2, retaliatory headbutt
a: Renounce Religion, Berserk, Trog's Hand


You were on level 3 of the Dungeon.
You worshipped Trog.
Trog was pleased with you.
You visited 1 branch of the dungeon, and saw 3 of its levels.

You collected 70 gold pieces.

Inventory:

Hand Weapons
 a - a +0 hand axe (weapon)
Armour
 b - a +0 animal skin (worn)
Jewellery
 m - a ring of positive energy
Scrolls
 c - a scroll of blinking {unknown}
 d - a scroll of brand weapon {unknown}
 e - a scroll of teleportation {unknown}
 g - a scroll of enchant weapon {unknown}
 i - 2 scrolls of immolation {unknown}
 l - a scroll of fog {unknown}
 n - 2 scrolls of identify {unknown}
Potions
 f - a potion of mutation {unknown}
 h - a potion of lignification {unknown}
 j - a potion of might {unknown}
 k - a potion of invisibility {unknown}


   Skills:
 - Level 4.2 Fighting
 + Level 5.4 Axes
 - Level 2.8 Armour
 - Level 2.3 Dodging


You had 3 spell levels left.
You didn't know any spells.
Your spell library was empty.

Dungeon Overview and Level Annotations

Branches:
Dungeon (3/15)

Altars:


Innate Abilities, Weirdness & Mutations

You have a pair of horns on your head.
You reflexively headbutt those who attack you in melee.


Message History

You see here a rat corpse.
You see here a +0 short sword.
You see here a rat corpse.
Key pressed, stopping explore.
No target in view!
Done exploring.
Done exploring.
No target in view!
Done exploring.
No target in view!
Done exploring.
No target in view!
(D) Dungeon
Where to? (Enter - D:2, ? - help)
There is a stone staircase leading down here.
You climb downwards.
The gnoll shouts! x3
Found a knobbly glass ring.
Found a stone staircase leading down.
There is a stone staircase leading up here.
There are monsters nearby!
The gnoll throws a throwing net.
The throwing net hits you.
You become entangled in the net!
You see here a throwing net.
Unknown command.
You are held in a net!
Okay, then.
You struggle against the net.
The gnoll hits you with a +0 flail!
You tear a large gash into the net.
The gnoll hits you with a +0 flail!
You rip the net and break free!
The gnoll hits you with a +0 flail!
* * * LOW HITPOINT WARNING * * *
The gnoll misses you. The gnoll attacks as you move away!
The gnoll hits you with a +0 whip.
* * * LOW HITPOINT WARNING * * *
There is a stone staircase leading up here.
The giant cockroach bites you.
* * * LOW HITPOINT WARNING * * *
The gnoll barely misses you. The gnoll closely misses you.
You furiously retaliate!
You headbutt the gnoll.
The gnoll hits you from afar with a +0 halberd!
You die...

.. #....#
##.
.##....#.>..
......#..#
#........##
#..........
#..........
#..........
#.gg.......
#.@Bg......
###########


You could see 3 gnolls and a giant cockroach.

Vanquished Creatures
  A gnoll (D:1)
  A worm (D:2)
  5 endoplasms
  6 giant cockroaches
  8 goblins
  3 hobgoblins
  10 jackals
  A quokka (D:1)
  3 ball pythons
  5 bats
  A frilled lizard (D:1)
  8 kobolds
  8 rats
60 creatures vanquished.

Vanquished Creatures (others)
  5 toadstools (D:1)
5 creatures vanquished.

Grand Total: 65 creatures vanquished

Notes
Turn   | Place    | Note
-------+----------+-------------------------------------------
     0 | D:1      | kiwi3s the Minotaur Berserker began the quest for the Orb.
     0 | D:1      | Reached XP level 1. HP: 19/19 MP: 0/0
    26 | D:1      | Reached XP level 2. HP: 19/27 MP: 1/1
    28 | D:1      | Reached skill level 4 in Axes
   284 | D:1      | Reached XP level 3. HP: 31/33 MP: 2/2
   419 | D:1      | Reached ** piety under Trog
  1045 | D:2      | Reached skill level 5 in Axes
  1219 | D:2      | Reached XP level 4. HP: 39/40 MP: 3/3
  1526 | D:3      | Mangled by a gnoll

Illustrated notes

Levels and vault maps discovered:
D:1:      ldierk_walled_garden, layout_loops_ring, minivault_27,
          minmay_pentomino_z2
D:2:      layout_basic, kennysheep_generic_room_10
D:3:      layout_rooms, nicolae_overflow_hidden_temple, lemuel_tele_altar,
          corexii_hall_statues_s, wad_floor_pattern_untrapped, uniq_grinder

Skill      XL: |  1  2  3 |
---------------+----------+-----
Axes           | 4 5 |  5.4
Fighting       | 4 |  4.2
Armour         | |  2.8
Dodging        | |  2.3

Action                   |  1- 3 |  4- 6 || total
-------------------------+-------+-------++-------
Melee: Hand axe          |    98 |    21 ||   119
       Headbutt          |     7 |     4 ||    11
       Punch             |     1 |       ||     1
 Stab: Sleeping          |       |     1 ||     1
Armor: Animal skin       |    25 |     3 ||    28
Dodge: Dodged            |    84 |    17 ||   101

Table legend: (Time is in decaauts)
 A = Elapsed time spent in this place.
 B = Non-inter-level travel time spent in this place.
 C = Inter-level travel time spent in this place.
 D = Time resting spent in this place.
 E = Time spent auto-exploring this place.
 F = Levels seen in this place.
 G = Mean time per level.
                   A        B        C        D        E       F      G
               +--------+--------+--------+--------+--------+-----+--------+
         Total |   1538 |   1492 |     46 |      0 |   1224 |   3 |  512.7 |
       Dungeon |   1538 |   1492 |     46 |      0 |   1224 |   3 |  512.7 |
               +--------+--------+--------+--------+--------+-----+--------+

Top non-repeatable levels by time:
     D:1: 951 daAuts
     D:2: 581 daAuts
     D:3: 5 daAuts
